 Dungeon Crawl Stone Soup version 0.26-a0-707-g31817bcca1 (webtiles) character file.

Game seed: 4095595535135594727

1759 Ijustatesigmund the Chopper (level 9, -5/62 HPs)
             Began as an Octopode Fighter on Oct 26, 2020.
             Was a Follower of Okawaru.
             Slain by a vampire (11 damage)
             ... on level 7 of the Dungeon.
             The game lasted 00:09:16 (6158 turns).

Ijustatesigmund the Chopper (Octopode Fighter)      Turns: 6158, Time: 00:09:16

Health: -5/62      AC:  3    Str: 15    XL:     9   Next: 6%
Magic:  19/21      EV: 17    Int: 11    God:    Okawaru [*.....]
Gold:   320        SH:  0    Dex: 14    Spells: 8/8 levels left

rFire    . . .     SeeInvis .   a - +1 war axe
rCold    + . .     Faith    .   b - +1 kite shield
rNeg     . . .     Spirit   .   (helmet restricted)
rPois    .         Reflect  .   r - amulet of regeneration
rElec    .         Harm     .   h - ring of flight
rCorr    .         Rampage  .   l - ring of magical power
MR       .....                  q - ring of protection from cold
Stlth    +++.......             (no ring)
HPRegen  0.60/turn              (no ring)
MPRegen  0.17/turn              (no ring)
                                (no ring)
                                (no ring)

@: confused, heroism
A: almost no armour, stealthy swim, amphibious, 8 rings, constrict 8, icy blue
scales 1, camouflage 1, gelatinous body 1
a: Heroism, Renounce Religion, Evoke Flight


You were on level 7 of the Dungeon.
You worshipped Okawaru.
Okawaru was aware of your devotion.
You visited 1 branch of the dungeon, and saw 7 of its levels.

You collected 320 gold pieces.

Inventory:

Hand Weapons
 a - a +1 war axe (weapon)
Missiles
 g - 49 poisoned darts (quivered)
Armour
 b - a +1 kite shield (worn)
Jewellery
 h - a ring of flight (left tentacle)
 l - a ring of magical power (right tentacle)
 q - a ring of protection from cold (on tentacle)
 r - an amulet of regeneration (around mantle)
Wands
 p - a wand of flame (23)
Scrolls
 e - 4 scrolls of identify
 f - 4 scrolls of teleportation
 j - 6 scrolls of remove curse
 k - a scroll of random uselessness
 t - 2 scrolls of amnesia
Potions
 c - 2 potions of might
 d - 2 potions of magic
 i - 7 potions of haste
 m - a potion of lignification
 n - a potion of mutation
 o - 2 potions of brilliance
 s - a potion of curing {unknown}


   Skills:
 + Level 5.8(10.8) Fighting
 + Level 6.9(11.9) Axes
 + Level 4.1(9.1) Dodging
 - Level 6.2(11.2) Stealth
 + Level 4.1(9.1) Shields
 + Level 4.9 Invocations


You had 8 spell levels left.
You didn't know any spells.
Your spell library was empty.

Dungeon Overview and Level Annotations

Branches:
Dungeon (7/15)             Temple (0/1) D:6

Altars:
Ashenzari
Okawaru
Ru
Trog
Vehumet
Xom
Yredelemnul
Zin
The Shining One

Shops:
D:6 (


Innate Abilities, Weirdness & Mutations

You cannot wear most types of armour.
You are very stealthy in the water. (Stealth+)
You are amphibious.
You can wear up to eight rings at the same time.
You can use your tentacles to constrict eight enemies at once.
Your skin changes colour to match your surroundings (Stealth+).
Your rubbery body absorbs attacks. (AC +1, EV +1)
You are partially covered in icy blue scales. (AC +2)


Message History

Something hits you! You block something's attack.
No target in view!
No target in view!
No target in view!
No target in view!
No target in view!
No target in view!
You gain the combat prowess of a mighty hero.
You constrict something. Something hits you! You block something's attack.
You completely miss something. You constrict something.
You hear some strange, mumbled words.
You are confused.
You bump into the stone wall.
You constrict something. Something hits you! Something bites you!
* * * LOW HITPOINT WARNING * * *
Something draws strength from your injuries!
You bump into the stone wall.
You constrict something. Something hits you!
* * * LOW HITPOINT WARNING * * *
Something bites you!
You die...

.#.#..###................#
.#.#o#..###...##.........#
.#.#††##..##...#........#
.#ch###+#..###.........##
.## ho### ###..###.....###
.... ### #...####...###
##..# #
##...#####...####...|##
##...######.##.......#
##..@{†..'.#.........
##...######.#.........
##...## #...........#
#...## #...###..)....#
###.)###...## ##.###..#
+#..### ..# ### .# ###..##
. ###..### ###..###


There were no monsters in sight!

Vanquished Creatures
  Joseph (D:7)
  Sigmund (D:5)
  3 sky beasts
  An ogre (D:6)
  A bullfrog (D:6)
  A scorpion (D:4)
  2 howler monkeys
  A centaur skeleton (D:5)
  An iron imp (D:5)
  2 orc priests
  A hound (D:6)
  A jelly (D:7)
  Jessica (D:2)
  An iguana (D:6)
  3 orc wizards
  7 worker ants
  A worker ant zombie (D:6)
  11 adders
  2 shadow imps (D:5)
  A white imp (D:6)
  3 oozes
  An adder skeleton (D:4)
  A worm (D:2)
  3 dart slugs
  5 leopard geckos
  8 orcs
  4 ball pythons
  6 bats
  6 giant cockroaches
  5 hobgoblins
  12 jackals
  12 kobolds
  2 quokkas
  5 frilled lizards
  12 goblins
  2 goblin skeletons (D:5)
  A hobgoblin zombie (D:5)
  A kobold skeleton (D:5)
  A kobold zombie (D:5)
  A leopard gecko skeleton (D:4)
  2 orc zombies (D:5)
  8 rats
144 creatures vanquished.

Notes
Turn   | Place    | Note
-------+----------+-------------------------------------------
     0 | D:1      | Ijustatesigmund the Octopode Fighter began the quest for
                  | the Orb.
     0 | D:1      | Reached XP level 1. HP: 16/16 MP: 1/1
   126 | D:1      | Reached XP level 2. HP: 7/21 MP: 2/2
   741 | D:1      | Reached XP level 3. HP: 26/26 MP: 3/3
  1043 | D:1      | Gained mutation: You are robust. (+10% HP) [potion of
                  | mutation]
  1043 | D:1      | Lost mutation: You are robust. (+10% HP) [potion of
                  | mutation]
  1043 | D:1      | Gained mutation: You are partially covered in icy blue
                  | scales. (AC +2) [potion of mutation]
  1551 | D:2      | Reached XP level 4. HP: 33/33 MP: 4/4
  1689 | D:2      | Noticed a centaur
  1713 | D:2      | Noticed Jessica
  1719 | D:2      | Killed Jessica
  1760 | D:2      | Reached XP level 5. HP: 33/37 MP: 5/5
  2697 | D:3      | Found a sacrificial altar of Ru.
  2932 | D:3      | Reached skill level 5 in Axes
  3114 | D:4      | Reached XP level 6. HP: 37/44 MP: 6/6
  3240 | D:4      | Found a shimmering altar of Xom.
  3242 | D:4      | Found a radiant altar of Vehumet.
  3242 | D:4      | Found a basalt altar of Yredelemnul.
  3244 | D:4      | Found a broken altar of Ashenzari.
  3244 | D:4      | Found a bloodstained altar of Trog.
  3244 | D:4      | Found a glowing silver altar of Zin.
  3938 | D:4      | Reached skill level 5 in Fighting
  3938 | D:4      | Reached XP level 7. HP: 50/50 MP: 7/7
  4229 | D:5      | Entered Level 5 of the Dungeon
  4335 | D:5      | Found an iron altar of Okawaru.
  4349 | D:5      | Became a worshipper of Warmaster Okawaru
  4467 | D:5      | Found a glowing golden altar of the Shining One.
  4527 | D:5      | Reached skill level 1 in Invocations
  4741 | D:5      | Noticed Sigmund
  4752 | D:5      | Killed Sigmund
  4752 | D:5      | Reached skill level 5 in Stealth
  4874 | D:5      | Reached XP level 8. HP: 55/55 MP: 10/10
  5112 | D:6      | Found Ynniutra's Antique Weapon Shoppe.
  5386 | D:6      | Found a staircase to the Ecumenical Temple.
  5666 | D:7      | Reached * piety under Okawaru
  5787 | D:7      | Found a radiant altar of Vehumet.
  5941 | D:7      | Noticed Joseph
  5951 | D:7      | Killed Joseph
  5994 | D:7      | Reached XP level 9. HP: 47/62 MP: 12/12
  6148 | D:7      | Identified the +9 hunting sling of Mulet {flame, rF+}
  6158 | D:7      | Slain by a vampire

Illustrated notes

Levels and vault maps discovered:
D:1:      ncdulo_lavacross, layout_basic, hex_intersection, minmay_domino_2
D:2:      layout_basic, roderic_cross_of_infinity, lightli_corner_chamber,
          uniq_jessica
D:3:      layout_loops_cross, nicolae_ru_great_annihilating_truth
D:4:      layout_basic, doesnt_xom_only_xom, minmay_pentangle
D:5:      layout_loops_corners, nicolae_tso_besieged_by_evil,
          kennysheep_okawaru_gauntlet, uniq_sigmund
D:6:      layout_basic, nicolae_overflow_hidden_temple,
          minmay_temple_entry_statues_pillars, serial_shops, shop_fountains
D:7:      minmay_the_grid_triangle_9x9_recursive_2
          [minmay_the_grid_triangle_9x9_prize_schism,
          minmay_the_grid_triangle_9x9_cache,
          minmay_the_grid_triangle_9x9_flanged_cone,
          minmay_the_grid_triangle_9x9_sprig], layout_cave_pods,
          vehumet_altar_wand_db, tgw_sif, uniq_joseph

Skill      XL: |  1  2  3  4  5  6  7  8 |
---------------+-------------------------+-----
Axes           | 3 4 5 6 |  6.9
Fighting       | 4 5 |  5.8
Stealth        | 5 6 |  6.2
Invocations    | 2 4 |  4.9
Dodging        | 4 |  4.1
Shields        | 4 |  4.1

Action                   |  1- 3 |  4- 6 |  7- 9 || total
-------------------------+-------+-------+-------++-------
Melee: War axe           |    57 |   115 |   137 ||   309
       Constrict         |    16 |    28 |    28 ||    72
       Tentacles         |    11 |    20 |    28 ||    59
Throw: Dart              |       |       |     2 ||     2
Invok: Heroism           |       |       |     1 ||     1
  Use: Scroll            |     2 |    10 |     8 ||    20
       Potion            |     1 |       |     4 ||     5
 Stab: Sleeping          |     6 |    13 |    10 ||    29
       Invisible         |       |     1 |       ||     1
       Paralysed         |       |     1 |       ||     1
Armor: Skin              |     4 |    18 |    20 ||    42
Dodge: Dodged            |    15 |    52 |    43 ||   110
Block: Kite shield       |    23 |    38 |    49 ||   110

Table legend: (Time is in decaauts)
 A = Elapsed time spent in this place.
 B = Non-inter-level travel time spent in this place.
 C = Inter-level travel time spent in this place.
 D = Time resting spent in this place.
 E = Time spent auto-exploring this place.
 F = Levels seen in this place.
 G = Mean time per level.
                   A        B        C        D        E       F      G
               +--------+--------+--------+--------+--------+-----+--------+
         Total |   6256 |   6038 |    218 |    933 |   4129 |   7 |  893.7 |
       Dungeon |   6256 |   6038 |    218 |    933 |   4129 |   7 |  893.7 |
               +--------+--------+--------+--------+--------+-----+--------+

Top non-repeatable levels by time:
     D:2: 1289 daAuts
     D:1: 1285 daAuts
     D:4: 1147 daAuts
     D:5: 785 daAuts
     D:6: 651 daAuts
     D:3: 572 daAuts
     D:7: 524 daAuts
